 Dungeon Crawl Stone Soup version 0.31.0-32-g396128a36d (webtiles) character file.

Game seed: 2262730371897889917

19 Gabide the Ruffian (level 2, -1/18 HPs)
             Began as a Gargoyle Gladiator on Apr 23, 2024.
             Slain by a gnoll
             ... wielding a +0 halberd
              (14 damage)
             ... on level 2 of the Dungeon.
             The game lasted 00:01:45 (714 turns).

Gabide the Ruffian (Gargoyle Gladiator)              Turns: 714, Time: 00:01:46

Health: -1/18      AC:  6    Str: 17    XL:     2   Next: 75%
Magic:  2/2        EV: 12    Int:  8    God:
Gold:   50         SH:  0    Dex: 11    Spells: 1/1 levels left

rFire   . .          .
                       - Unarmed
rCold   . . .        (no shield)
rNeg    + . .        a - +0 leather armour
rPois   ∞            b - +0 helmet
rElec   +            (no cloak)
rCorr   .            (no gloves)
SInv    .            (no boots)
Will    .....        (no amulet)
Stlth   +            (no ring)
HPRegen 0.23/turn    (no ring)
MPRegen 0.08/turn

%: no passive effects
@: no status effects
A: sickness immunity, AC +2, negative energy resistance 1, electricity
resistance, torment resistance 1, petrification resistance
a: no special abilities


You were on level 2 of the Dungeon.
You visited 1 branch of the dungeon, and saw 2 of its levels.

You collected 50 gold pieces.

Inventory:

Missiles
 c - 3 throwing nets (quivered)
 d - a javelin
Armour
 a - a +0 leather armour (worn)
 b - a +0 helmet (worn)
Scrolls
 e - a scroll of fog {unknown}


   Skills:
 + Level 2.5 Fighting
 + Level 2.0 Throwing
 + Level 2.6 Dodging
 * Level 3.4 Unarmed Combat


You had one spell level left.
You didn't know any spells.
Your spell library was empty.

Dungeon Overview and Level Annotations

Branches:
Dungeon (2/15)

Altars:

Shops:
D:1 :


Innate Abilities, Weirdness & Mutations

You are immune to sickness and miasma.
Your stone body is resilient. (AC +2)
You are immune to poison.
You resist negative energy. (rN+)
You are resistant to electric shocks. (rElec)
You are resistant to unholy torment.
You are immune to petrification.


Message History

The ball python hisses angrily.
You see here a scroll labelled QIUCAX JAFFEPH.
You punch the ball python!
You kill the ball python!
e - a scroll labelled QIUCAX JAFFEPH You now have 50 gold pieces (gained 9).
A kobold comes into view. It is wielding a +0 dagger of speed.
A kobold is nearby!
The kobold shouts!
You see here a ball python corpse.
You hit the kobold but do no damage. The kobold closely misses you.
The kobold hits you but does no damage.
You barely miss the kobold. The kobold hits you but does no damage.
You hit the kobold but do no damage. The kobold barely misses you.
The kobold hits you but does no damage.
You hit the kobold.
You kill the kobold!
No target in view!
No target in view!
No target in view!
No target in view!
No target in view!
No target in view!
No target in view!
No target in view!
Things that are here:
a +0 dagger of speed; 3 stones A gnoll comes into view.
It is wielding a +0 halberd.
The gnoll shouts!
You hear a shout!
A gnoll comes into view. It is wielding a +0 spear.
Found a scroll labelled CIUTAA QUUHA.
A gnoll comes into view. It is wielding a +0 halberd.
Found a stone.
The gnoll shouts!
The gnoll hits you with a +0 halberd.
You hit the gnoll.
The gnoll is lightly wounded.
The gnoll hits you with a +0 halberd!
Ouch! That really hurt!
You die...

#...............#
.#######...............#
.......................#
#######................#
##...............#
##.............##
##.....#.....##
####.####### #....@....#
#....###.g|?(# ..##
#.....# #.....# #g....#
...g..# #.....# #.....#


You could see 3 gnolls.

Vanquished Creatures
  A dart slug (D:1)
  A bat (D:1)
  An endoplasm (D:1)
  A goblin (D:1)
  3 hobgoblins (D:1)
  2 quokkas (D:1)
  2 ball pythons (D:2)
  3 kobolds
  A rat (D:1)
15 creatures vanquished.

Notes
Turn   | Place    | Note
-------+----------+-------------------------------------------
     0 | D:1      | Gabide the Gargoyle Gladiator began the quest for the Orb.
     0 | D:1      | Reached XP level 1. HP: 12/12 MP: 1/1
    94 | D:1      | Found Kogeolext's Book Shop.
   177 | D:1      | Reached XP level 2. HP: 16/18 MP: 2/2
   359 | D:1      | Found a faded altar of an unknown god.
   714 | D:2      | Slain by a gnoll

Illustrated notes

Levels and vault maps discovered:
D:1:      minmay_arrival_cross, layout_rooms,
          dreamdust_ecumenical_altar_hidden_monk_grotto, serial_shops,
          nicolae_shop_tiny_waterfront, grunt_decor_cap,
          chequers_hall_statues_wall_a, chequers_serial_rivers_micro_e,
          minmay_distorted
D:2:      layout_rooms

Skill      XL: |  1  2 |
---------------+-------+-----
Throwing       | 2 |  2.0
Fighting       | |  2.5
Dodging        | |  2.6
Unarmed Combat | |  3.4

Action                     || total
---------------------------++-------
  Melee: Unarmed           ||    48
    Use: Scroll            ||     2
 Armour: Leather armour    ||    26
  Dodge: Dodged            ||    24
